Map: Backwater LE

Players

PtitDrogo - Winner!

  • Race: Protoss Protoss
  • Spawn Location: 5:00

DnS

  • Race: Protoss Protoss
  • Spawn Location: 11:00

Event: IEM Season 12 - Katowice

VOD

Have the link to the VOD?

Description

Time

  • Played on: Feb. 26, 2018, 7:59 a.m.
  • Length: 9:23

All games in this series

Show
View Real Time Build Order
Export as new Build Order

PtitDrogo Protoss - Winner!

Build Orders: Phoenix Opening 

Get SALT Encoding   

  12  0:00  Probe  
  13  0:12  Probe  
  14  0:17  Pylon  
  14  0:24  Probe (Chrono Boost)  
  15  0:37  Probe (Chrono Boost)  
  15  0:39  Gateway  
  16  0:43  Probe (Chrono Boost)  
  16  0:45  Assimilator  
  17  0:51  Probe (Chrono Boost)  
  17  0:54  Assimilator  
  18  1:03  Probe (Chrono Boost)  
  19  1:11  Probe (Chrono Boost)  
  20  1:14  Gateway  
  20  1:17  Probe  
  21  1:26  Cybernetics Core  
  21  1:29  Probe  
  22  1:35  Pylon  
  22  1:41  Probe  
  23  1:53  Probe  
  24  2:03  Warp Gate, Sentry, Stalker  
  28  2:09  Probe  
  28  2:13  Pylon  
  29  2:27  Stargate  
  29  2:28  Pylon  
  29  2:34  Stalker  
  31  2:41  Stalker  
  33  3:01  Nexus  
  33  3:07  Shield Battery  
  33  3:16  Phoenix (Chrono Boost)  
  35  3:33  Shield Battery  
  35  3:34  Shield Battery  
  35  3:38  Phoenix (Chrono Boost)  
  36  4:00  Phoenix (Chrono Boost)  
  36  4:01  Pylon  
  38  4:14  Stalker x2  
  38  4:15  Probe  
  43  4:21  Probe (Chrono Boost)  
  44  4:27  Phoenix (Chrono Boost)  
  46  4:36  Probe (Chrono Boost)  
  46  4:41  Probe (Chrono Boost), Robotics Facility  
  47  4:50  Probe x2  
  49  4:56  Phoenix  
  32  5:21  Phoenix  
  32  5:24  Probe x2 (Chrono Boost)  
  34  5:33  Probe x2 (Chrono Boost), Phoenix  
  38  5:38  Probe (Chrono Boost)  
  38  5:40  Probe  
  40  5:51  Probe  
  40  5:52  Probe  
  42  6:03  Probe  
  43  6:06  Probe  
  43  6:07  Phoenix (Chrono Boost)  
  46  6:15  Probe  
  47  6:19  Probe (Chrono Boost)  
  48  6:28  Probe (Chrono Boost)  
  48  6:29  Phoenix (Chrono Boost)  
  52  6:36  Probe (Chrono Boost)  
  52  6:38  Probe (Chrono Boost)  
  53  6:41  Pylon  
  53  6:43  Probe x2 (Chrono Boost)  
  55  6:49  Twilight Council  
  55  6:55  Probe  
  55  6:58  Assimilator x2  
  55  7:00  Probe  
  57  7:04  Phoenix (Chrono Boost)  
  59  7:13  Probe  
  61  7:15  Probe  
  61  7:21  Pylon  
  61  7:25  Probe  
  61  7:26  Dark Shrine  
  61  7:29  Probe  
  58  7:37  Probe  
  58  7:39  Gateway  
  58  7:41  Probe  
  60  7:49  Probe  
  60  7:50  Phoenix (Chrono Boost)  
  61  7:54  Probe  
  64  7:58  Shield Battery  
  64  8:01  Probe  
  65  8:06  Probe, Phoenix (Chrono Boost)  
  68  8:14  Probe  
  68  8:18  Probe  
  70  8:21  Pylon  
  70  8:26  Probe  
  71  8:30  Probe  
  71  8:31  Phoenix (Chrono Boost)  
  74  8:39  Dark Templar x3  
  80  8:53  Phoenix (Chrono Boost)  
  80  8:54  Pylon  
  85  9:19  Dark Templar x2  
Show
View Real Time Build Order
Export as new Build Order

DnS Protoss 

Build Orders: Oracle Opening 

Get SALT Encoding   

  12  0:00  Probe  
  13  0:12  Probe  
  14  0:17  Pylon  
  14  0:24  Probe (Chrono Boost)  
  15  0:36  Probe (Chrono Boost)  
  15  0:39  Gateway  
  16  0:44  Probe (Chrono Boost)  
  16  0:45  Assimilator  
  17  0:51  Probe (Chrono Boost)  
  17  0:54  Assimilator  
  18  1:03  Probe (Chrono Boost)  
  19  1:11  Probe (Chrono Boost)  
  20  1:15  Gateway  
  20  1:17  Probe  
  21  1:25  Cybernetics Core  
  21  1:29  Probe  
  22  1:35  Pylon  
  22  1:41  Probe  
  23  1:53  Probe  
  24  2:00  Warp Gate (Chrono Boost)  
  24  2:02  Stalker x2  
  28  2:13  Pylon  
  28  2:32  Stalker x2  
  32  2:43  Stargate  
  32  2:47  Gateway  
  32  3:03  Stalker x2  
  36  3:25  Pylon  
  38  3:36  Oracle (Chrono Boost)  
  35  3:58  Nexus  
  35  3:59  Adept  
  35  4:00  Adept  
  38  4:07  Probe  
  42  4:22  Probe  
  43  4:25  Phoenix (Chrono Boost)  
  38  4:34  Probe, Sentry, Stalker  
  43  4:42  Phoenix (Chrono Boost)  
  43  4:43  Shield Battery  
  45  4:50  Pylon  
  45  5:08  Probe  
  45  5:09  Phoenix  
  45  5:12  Stalker  
  46  5:20  Probe  
  45  5:21  Probe  
  46  5:32  Probe  
  46  5:34  Probe, Phoenix (Chrono Boost)  
  50  5:40  Assimilator  
  50  5:44  Probe  
  50  5:46  Probe, Shield Battery  
  52  5:50  Phoenix (Chrono Boost)  
  52  5:56  Probe  
  55  5:58  Probe  
  55  5:59  Assimilator  
  56  6:09  Probe  
  56  6:13  Probe  
  56  6:14  Phoenix (Chrono Boost)  
  57  6:20  Adept x2  
  57  6:21  Probe  
  62  6:30  Pylon  
  62  6:34  Stargate  
  62  6:38  Pylon  
  62  6:48  Probe (Chrono Boost), Phoenix  
  62  6:52  Probe (Chrono Boost)  
  66  6:59  Probe (Chrono Boost)  
  68  7:03  Probe (Chrono Boost)  
  68  7:04  Probe (Chrono Boost)  
  69  7:09  Pylon  
  69  7:12  Probe  
  69  7:13  Phoenix (Chrono Boost)  
  69  7:14  Probe  
  69  7:18  Phoenix (Chrono Boost)  
  71  7:24  Probe  
  71  7:26  Probe  
  71  7:27  Pylon  
  73  7:31  Phoenix (Chrono Boost)  
  73  7:35  Sentry  
  73  7:36  Probe  
  75  7:38  Phoenix  
  77  7:52  Fleet Beacon, Phoenix  
  79  8:04  Nexus  
  79  8:08  Phoenix  
  79  8:10  Probe  
  79  8:12  Probe  
  83  8:21  Phoenix  
  83  8:24  Probe x2  
  87  8:29  Pylon  
  87  8:33  Phoenix  
  89  8:38  Probe  
  89  8:40  Probe  
  91  8:44  Assimilator  
  91  8:47  Phoenix  
  93  8:51  Probe  
  93  8:53  Pylon  
  97  9:02  Probe  
  97  9:06  Assimilator  
  97  9:14  Pylon  
  96  9:17  Pylon  

Tags
 
Add a new tag
Caveats
  • Supply blocks, unpowered buildings, or Contaminate may cause inaccurate times.
  • Supply counts are checked every 10 seconds.